 Dungeon Crawl Stone Soup version 0.14-a0-1863-gcc20582 (webtiles) character file.

71733 M4edhros the Hoplite (level 15, -6/96 HPs)
             Began as an Octopode Chaos Knight on Jan 13, 2014.
             Was a High Priest of Fedhas.
             Splashed by an acid blob's acid (7 damage)
             ... on Level 6 of the Pits of Slime.
             The game lasted 03:13:51 (31505 turns).

M4edhros the Hoplite (Octopode Chaos Knight)       Turns: 31505, Time: 03:13:52

HP  -6/96        AC  1     Str 19      XL: 15   Next: 36%
MP   6/31        EV 25     Int 22      God: Fedhas [*****.]
Gold 233         SH 29     Dex 19      Spells:  8 memorised,  3 levels left

rFire  . . .     SeeInvis +     N - +5,+4 demon trident (flame)
rCold  + . .     Clarity  .     w - +1 dwarf shield
rNeg   . . .     Conserve .     (helmet restricted)
rPois  .         rCorr    +     Z - amulet of resist corrosion
rElec  .         rRot     .     A - ring of protection from cold
SustAb . .       Spirit   .     o - +5 ring of strength
rMut   .         Warding  .     b - +1 ring of dexterity
Saprov . . .     Stasis   .     t - ring of see invisible
MR     ++...                    Q - ring of see invisible
                                y - ring of the Mage {Wiz MR+ Int+3}
                                z - ring of regeneration
                                U - ring of sustenance

@: repel missiles, regenerating, agile, very resistant to hostile enchantments,
quite stealthy
A: almost no armour, amphibious, 8 rings, constrict 8, camouflage 1, robust 1,
slow healing 1, strong 1, wild magic 1, gelatinous body 1
a: Evolution, Sunlight, Growth, Reproduction, Rain, Renounce Religion


You were on level 6 of the Pits of Slime.
You worshipped Fedhas.
Fedhas was extremely pleased with you.
You were not hungry.

You visited 5 branches of the dungeon, and saw 33 of its levels.
You also visited: Labyrinth, Sewer and Volcano.

You collected 3080 gold pieces.
You spent 2847 gold pieces at shops.

Inventory:

Hand weapons
 N - a +5,+4 demon trident of flaming (weapon)
 R - a +0,+1 sling
Missiles
 B - 2 curare-tipped needles
 F - 66 sling bullets
Armour
 w - a +1 dwarven shield (worn)
Magical devices
 f - a wand of fireball (4)
 h - a wand of cold (1)
 r - a wand of cold (10)
 v - a wand of fire (0)
 x - a wand of fire (8)
 P - a wand of digging (15)
Comestibles
 d - 2 bread rations
 m - 27 sultanas
Scrolls
 j - 7 scrolls of teleportation
 p - 2 scrolls of immolation
 q - 5 scrolls of fog
Jewellery
 b - a +1 ring of dexterity (on tentacle)
 o - a +5 ring of strength (right tentacle)
 t - a ring of see invisible (on tentacle)
 u - an uncursed ring of teleportation
 y - the ring of the Mage (on tentacle) {Wiz MR+ Int+3}
   (You bought it in a shop on level 8 of the Dungeon)

   [ring of wizardry]

   It affects your intelligence (+3).
   It affects your resistance to hostile enchantments.
 z - a ring of regeneration (on tentacle)
 A - a ring of protection from cold (left tentacle)
 D - the amulet of Temperance {rMut Str-1}
   (You found it on level 6 of the Dungeon)

   [amulet of resist mutation]

   It affects your strength (-1).
 L - the amulet "Onic" {Ward Int+3 Dam+4}
   (You bought it in a shop on level 7 of the Dungeon)

   [amulet of warding]

   It affects your intelligence (+3).
   It affects your damage-dealing abilities (+4).
 Q - a ring of see invisible (on tentacle)
 U - a ring of sustenance (on tentacle)
 Z - an amulet of resist corrosion (around mantle)
Potions
 e - 3 potions of curing
 g - 2 potions of magic
 k - 6 potions of heal wounds
 n - a potion of resistance
Miscellaneous
 C - a crystal ball of energy
 I - a lantern of shadows
 J - a phial of floods (inert)
 Y - a disc of storms
Rods
 E - a +0 rod of the swarm (5/10)
   (You found it in a labyrinth)
 H - a -1 rod of frigid destruction (6/13)
   (You found it in a labyrinth)
 W - a +1 rod of the swarm (6/10)
   (You took it off a hill giant on level 13 of the Dungeon)


   Skills:
 - Level 3.0 Fighting
 - Level 10.2 Polearms
 + Level 10.2 Dodging
 * Level 12.7 Shields
 + Level 8.4 Spellcasting
 * Level 7.6 Conjurations
 - Level 6.0 Charms
 - Level 5.5 Necromancy
 - Level 5.0 Translocations
 - Level 5.0 Poison Magic
 + Level 12.1 Invocations


You had 3 spell levels left.
You knew the following spells:

 Your Spells              Type           Power        Failure   Level  Hunger
a - Repel Missiles        Chrm/Air       ####......   3%          2    None
b - Regeneration          Chrm/Necr      ######....   2%          3    None
c - Mephitic Cloud        Conj/Pois/Air  #####...     4%          3    None
d - Control Teleport      Chrm/Tloc      ######....   7%          4    ###....
e - Recall                Summ/Tloc      N/A          7%          3    None
f - Poison Weapon         Chrm/Pois      ######....   2%          3    None
g - Iskenderun's Mystic   Conj           ######..     3%          4    ###....
h - Venom Bolt            Conj/Pois      ######....   12%         5    ####...


Dungeon Overview and Level Annotations

Branches:
Dungeon (14/16)            Temple (1/1) D:4             Orc (4/4) D:12
    Elf (0/3) Orc:3          Lair (8/8) D:9           Swamp (0/5) Lair:3
 Spider (0/5) Lair:3        Slime (6/6) Lair:6
 Vaults: D:14-15

Altars:
Ashenzari
Cheibriados
Fedhas
Makhleb
Nemelex Xobeh
Okawaru
Sif Muna
Trog
the Shining One

Shops:
D:4 (   D:6 /   D:7 =   D:8 =   Orc:3 (   Orc:4 (([[

Annotations:
D:7 exclusion: ice statue
Lair:1 exclusion: hydra
Slime:6 Royal Jelly


Innate Abilities, Weirdness & Mutations

You cannot wear most types of armour.
You are amphibious.
You can wear up to eight rings at the same time.
You can use your tentacles to constrict many enemies at once.
Your skin changes colour to match your surroundings (Stlth).
Your rubbery body absorbs attacks (AC +1).
You are robust (+10% HP).
You heal slowly when monsters are visible.
Your muscles are strong. (Str +2)
Your spells are a little harder to cast, but a little more powerful.


Message History

The acid blob is heavily wounded.
The acid blob completely misses you. The giant amoeba hits you!
Attack whom?
Press: ? - help, Dir - move target cursor, f/p - acid blob
Aim: an acid blob (heavily wounded)
You hit the acid blob. You burn the acid blob. You squeeze the acid blob!
The acid blob is severely wounded.
The acid blob splashes around in the water.
The giant amoeba hits you!
Attack whom?
Press: ? - help, Dir - move target cursor, f/p - acid blob
Aim: an acid blob (severely wounded)
You hit the acid blob. You burn the acid blob.
The acid blob is severely wounded.
Your water elemental hits the giant amoeba.
The acid blob hits you!
* * * LOW HITPOINT WARNING * * *
You are splashed with acid!
The acid burns!
You resist.
You die...
Fedhas appreciates your contribution to the ecosystem.

.................................
.................................
.<..............................#
...............................#.
.............................####
.............................#
#............................#
#............≈EJ..........##.#
##...........≈≈J@.......### ##
#####..###.≈≈≈≈.....#..# #.##
##.#.....###### ### ####...##
#####


You could see an acid blob, a giant amoeba and a friendly water elemental.

Vanquished Creatures
  5 acid blobs
  A fire dragon (D:13)
  A death ooze (Slime:2)
  A minotaur (Lab)
  A hydra (Lair:7)
  An orc high priest (Orc:4)
  3 death yaks (Lair:8)
  2 centaur warriors
  2 catoblepae (Lair:8)
  5 hill giants
  6 giant amoebae
  Pikel (D:6)
  Joseph (D:12)
  2 griffons
  An orc knight (D:13)
  2 cyclopes
  An orc sorcerer (Orc:4)
  3 elephants (Lair:4)
  5 spiny frogs
  A black mamba (Lair:6)
  2 fire drakes (Lair:7)
  6 komodo dragons
  11 slime creatures
  4 trolls
  A polar bear (Lair:8)
  3 blink frogs (Lair:5)
  Prince Ribbit (D:5)
  2 two-headed ogres
  2 flying skulls (Volcano)
  6 brown oozes
  19 yaks
  A vampire (D:14)
  8 vampire mosquitoes
  An elephant slug (Lair:6)
  11 ugly things
  A hungry ghost (D:13)
  2 basilisks
  3 wyverns
  A human (D:12)
  7 hippogriffs
  A golden eye (Slime:1)
  A wolf (Lair:1)
  3 swamp worms (Lair:3)
  Edmund (D:8)
  6 soldier ants
  3 porcupines
  An ice beast (D:10)
  A deep dwarf (D:8)
  8 ogres
  2 sky beasts
  A black bear (D:10)
  A phantom (D:7)
  12 orc warriors
  9 centaurs
  A big kobold (D:12)
  3 wargs
  6 giant slugs
  7 crocodiles
  9 water moccasins
  Blork the orc (D:4)
  A komodo dragon skeleton (D:13)
  10 giant frogs
  An agate snail (Lair:2)
  3 eyes of draining
  A wight (D:6)
  3 hippogriff skeletons
  8 killer bees (D:13)
  An electric eel (Lair:3)
  8 crimson imps
  4 goliath beetles
  A big fish (Lair:3)
  4 giant frog skeletons
  2 gnoll shamans
  17 orc priests
  A spider (D:13)
  6 iguanas
  A centaur skeleton (D:4)
  7 jellies
  19 worker ants
  6 hounds
  A cyclops simulacrum (D:14)
  A spectral orc (Orc:4)
  A water moccasin skeleton (D:11)
  20 orc wizards
  3 scorpions
  25 sheep
  Ijyb (D:4)
  2 mottled dragon skeletons
  A big kobold skeleton (D:10)
  2 hound skeletons
  2 mummies (Volcano)
  4 gnolls
  29 green rats
  6 giant centipedes
  5 giant mites
  20 adders
  6 worms
  A grey rat (D:5)
  4 giant eyeballs
  6 giant geckos
  4 oozes
  104 orcs
  3 sheep simulacra (D:9)
  19 bats
  8 giant cockroaches
  23 goblins
  19 hobgoblins
  37 jackals
  19 kobolds
  8 quokkas
  10 ball pythons
  A giant gecko skeleton (D:4)
  6 giant newts
  A giant spore (Orc:4)
  2 hobgoblin skeletons
  23 rats
  A rat simulacrum (D:9)
  A rat skeleton (D:7)
  A rat zombie (D:5)
  4 ballistomycetes
  2 toadstools (D:13)
754 creatures vanquished.

Vanquished Creatures (collateral kills)
  2 acid blobs
  A death ooze (Slime:6)
  Fannar (Lair:2)
  2 great orbs of eyes
  6 hydras
  4 wandering mushrooms
  7 death yaks (Lair:8)
  Urug (D:12)
  A catoblepas (Lair:8)
  Nergalle (Orc:4)
  3 orc high priests (Orc:4)
  Erolcha (Orc:4)
  A necromancer (D:9)
  A giant amoeba (Slime:3)
  3 hill giants (D:12)
  2 griffons
  An orc knight (Orc:3)
  3 elephants (Lair:5)
  A queen ant (Lair:2)
  2 black mambas
  5 spiny frogs
  An eye of devastation (Lair:6)
  3 fire drakes
  3 komodo dragons
  A troll (D:13)
  A blue devil (Orc:4)
  2 blink frogs
  3 brown oozes
  4 slime creatures
  14 yaks
  3 vampires
  A human (D:12)
  A tarantella (Lair:3)
  3 basilisks
  2 wyverns
  4 hippogriffs
  5 wolves (Lair:1)
  A hill giant skeleton (D:14)
  5 ugly things (D:14)
  3 soldier ants (Lair:2)
  A vampire mosquito (D:14)
  A swamp worm (Lair:3)
  3 porcupines
  An ice beast (D:5)
  8 orc warriors
  A sky beast (D:7)
  A yellow wasp (D:13)
  A slave (D:6)
  4 ogres
  3 centaurs
  2 giant frogs
  2 boring beetles
  Sigmund (D:4)
  3 crocodiles
  3 agate snails
  6 water moccasins
  A cyclops skeleton (D:14)
  An eye of draining (Slime:2)
  A killer bee (D:13)
  7 wights
  A goliath beetle (D:8)
  7 jellies
  A quasit (D:8)
  4 iguanas
  A scorpion (D:9)
  19 orc priests
  A centaur skeleton (D:9)
  13 orc wizards
  2 hounds
  8 worker ants
  2 grizzly bear simulacra (D:9)
  3 sheep
  A worker ant zombie (D:8)
  6 adders
  10 gnolls
  3 hound simulacra (D:9)
  2 worms
  A sheep simulacrum (D:9)
  3 oozes
  31 orcs
  A giant cockroach (D:5)
  4 jackals
  A quokka (D:12)
  A bat (D:6)
  8 giant spores
  3 goblins
  2 kobolds (D:5)
  5 rats
  A rat simulacrum (D:9)
  2 spectral orcs (Orc:4)
  A fungus (Lair:7)
  A toadstool (Lair:2)
309 creatures vanquished.

Vanquished Creatures (others)
  2 oklob plants
  An ice beast (D:9)
  A yellow wasp (Slime:6)
  A worker ant (Slime:6)
  4 giant spores
  48 wandering mushrooms
  3 ballistomycetes (Orc:4)
  16 fungi
  4 plants
  584 toadstools
664 creatures vanquished.

Grand Total: 1727 creatures vanquished

Notes
Turn   | Place    | Note
--------------------------------------------------------------
     0 | D:1      | M4edhros, the Octopode Chaos Knight, began the quest for the Orb.
     0 | D:1      | Reached XP level 1. HP: 16/16 MP: 1/1
   208 | D:1      | Reached XP level 2. HP: 21/21 MP: 2/2
   302 | D:2      | XOM: potion effect (invisibility)
   493 | D:3      | Reached skill level 4 in Polearms
   493 | D:3      | Reached XP level 3. HP: 19/26 MP: 3/3
   616 | D:3      | XOM: divination: detect items
   659 | D:4      | XOM: harmless Hex miscast
   661 | D:4      | Noticed Ijyb
   661 | D:4      | XOM: potion effect (might)
   670 | D:4      | Killed Ijyb
   670 | D:4      | Reached XP level 4. HP: 31/31 MP: 4/4
   671 | D:4      | Reached skill level 5 in Polearms
   971 | D:4      | Found a staircase to the Ecumenical Temple.
   980 | Temple   | Entered the Ecumenical Temple
  1028 | Temple   | Fell from the grace of Xom
  1028 | Temple   | Became a worshipper of Fedhas Madash
  1182 | D:2      | Reached XP level 5. HP: 30/36 MP: 5/5
  1314 | D:1      | Acquired Fedhas' first power
  1733 | D:2      | XOM: torment (18/36 hp)
  2088 | D:2      | Reached skill level 1 in Invocations
  2663 | D:3      | Reached skill level 6 in Polearms
  2851 | D:4      | Noticed Sigmund
  2860 | D:4      | Killed Sigmund
  2860 | D:4      | Reached XP level 6. HP: 37/42 MP: 8/8
  2917 | D:4      | Found Nuowah's Antique Weapon Emporium.
  2947 | D:4      | Acquired Fedhas' second power
  3237 | D:4      | Noticed Blork the orc
  3244 | D:4      | Killed Blork the orc
  3490 | D:3      | Reached XP level 7. HP: 46/46 MP: 12/12
  3555 | D:3      | XOM: medium Ice miscast
  4058 | D:5      | Entered Level 5 of the Dungeon
  4378 | D:5      | Found a glowing drain.
  4383 | Sewer    | Entered a sewer
  4414 | Sewer    | Acquired Fedhas' third power
  4446 | Sewer    | Reached skill level 7 in Polearms
  4478 | Sewer    | Noticed a blink frog
  4489 | Sewer    | Killed a blink frog
  4489 | Sewer    | Reached skill level 5 in Invocations
  4489 | Sewer    | Reached XP level 8. HP: 50/52 MP: 15/15
  4633 | D:5      | XOM: mild Tloc miscast
  4760 | D:5      | Noticed Prince Ribbit
  4778 | D:5      | Killed Prince Ribbit
  5004 | D:5      | XOM: mild Tloc miscast
  5202 | D:5      | Reached skill level 1 in Shields
  5279 | D:5      | Found an iron altar of Okawaru.
  5405 | D:5      | Acquired Fedhas' fourth power
  5752 | D:6      | Found Plekluiwn's Magical Wand Boutique.
  5767 | D:6      | Reached skill level 8 in Polearms
  5806 | D:6      | Reached skill level 5 in Dodging
  5854 | D:6      | Noticed Pikel
  5856 | D:6      | Got a heavily runed ruby amulet
  5871 | D:6      | Killed Pikel
  5871 | D:6      | Reached XP level 9. HP: 47/56 MP: 15/19
  5955 | D:6      | Found a bloodstained altar of Trog.
  6000 | D:6      | Learned a level 2 spell: Repel Missiles
  6465 | D:7      | Gained mutation: Your body is slowly deteriorating. [mutagenic meat]
  6466 | D:7      | Gained mutation: You are robust (+10% HP). [mutagenic meat]
  6772 | D:7      | Reached skill level 1 in Spellcasting
  6827 | D:7      | Found Lanot's Jewellery Shoppe.
  6954 | D:7      | Acquired Fedhas' fifth power
  7003 | D:7      | Noticed an ice statue
  7120 | D:8      | Identified the amulet of Temperance {rMut Str-1} (You found it on level 6 of the Dungeon)
  7226 | D:8      | Noticed Edmund
  7243 | D:8      | Killed Edmund
  7421 | D:8      | Found Plaosos' Jewellery Boutique.
  8119 | D:9      | Reached skill level 1 in Charms
  8122 | D:9      | Found a staircase to the Lair.
  8525 | D:9      | Reached skill level 9 in Polearms
  8525 | D:9      | Reached XP level 10. HP: 62/69 MP: 4/21
  9127 | D:9      | Reached skill level 5 in Shields
  9132 | D:9      | Noticed a necromancer
  9146 | D:9      | Killed a necromancer
  9472 | Lair:1   | Entered Level 1 of the Lair of Beasts
  9587 | D:7      | Bought the amulet "Onic" {Ward Int+3 Dam+4} for 559 gold pieces
  9810 | Lair:1   | Found a dark tunnel.
  9868 | Volcano  | Entered a volcano
  9993 | Volcano  | Learned a level 3 spell: Regeneration
 11874 | Lair:2   | Reached XP level 11. HP: 73/73 MP: 23/23
 12019 | Lair:2   | Noticed Fannar
 12048 | Lair:2   | Killed Fannar
 12859 | Lair:3   | XOM: summons 4 hostile shadow creatures
 13178 | Lair:3   | Found a hole to the Spider Nest.
 13187 | Lair:3   | Reached skill level 10 in Polearms
 13506 | Lair:3   | Reached skill level 1 in Necromancy
 13745 | Lair:3   | Found a staircase to the Swamp.
 14301 | Lair:1   | Noticed a seven-headed hydra
 14377 | D:9      | XOM: summons 5 hostile shadow creatures
 14596 | Lair:4   | Found a labyrinth entrance.
 14607 | Lab      | Entered a labyrinth
 15192 | Lab      | Noticed a minotaur
 15198 | Lab      | Killed a minotaur
 15206 | Lab      | Identified a +0 rod of the swarm (10/10) (You found it in a labyrinth)
 15207 | Lab      | Identified a -1 rod of frigid destruction (13/13) (You found it in a labyrinth)
 15233 | Lair:4   | Learned a level 3 spell: Mephitic Cloud
 15409 | Lair:4   | Noticed a six-headed hydra
 15561 | Lair:4   | Reached skill level 5 in Charms
 15561 | Lair:4   | Reached XP level 12. HP: 70/79 MP: 25/25
 15905 | Lair:4   | Killed a six-headed hydra
 15905 | Lair:4   | Reached skill level 5 in Spellcasting
 15905 | Lair:4   | Reached skill level 1 in Poison Magic
 16222 | Lair:5   | XOM: noise
 16431 | Lair:5   | Got a bloodstained bow
 16432 | Lair:5   | Identified the +5,+3 bow of Defiance {frost, rC+} (You found it on level 5 of the Lair of Beasts)
 17567 | Lair:6   | Noticed a five-headed hydra
 17584 | Lair:6   | Killed a five-headed hydra
 17641 | Lair:6   | Found a staircase to the Slime Pits.
 18117 | Lair:7   | Noticed a seven-headed hydra
 18133 | Lair:7   | Killed a seven-headed hydra
 18133 | Lair:7   | Reached skill level 10 in Invocations
 18710 | Lair:7   | Noticed a four-headed hydra
 18725 | Lair:7   | Killed a four-headed hydra
 18759 | Lair:7   | Noticed a four-headed hydra
 18773 | Lair:7   | Killed a four-headed hydra
 18862 | Lair:7   | Noticed a six-headed hydra
 18882 | Lair:7   | Killed a six-headed hydra
 19227 | Lair:7   | Learned a level 4 spell: Control Teleport
 19231 | Lair:7   | Learned a level 3 spell: Recall
 19620 | D:4      | Bought a glowing demon trident for 525 gold pieces
 20137 | Lair:4   | Learned a level 3 spell: Poison Weapon
 20242 | Lair:8   | Entered Level 8 of the Lair of Beasts
 20260 | Lair:8   | Got a smoking lajatang
 20405 | Lair:8   | XOM: mild Necr miscast
 20507 | Lair:8   | Reached XP level 13. HP: 51/84 MP: 27/27
 20534 | Lair:8   | Noticed a six-headed hydra
 20558 | Lair:8   | Reached skill level 1 in Translocations
 20562 | Lair:8   | Killed a six-headed hydra
 20562 | Lair:8   | Reached skill level 5 in Necromancy
 20897 | Lair:8   | Noticed a death yak
 20915 | Lair:8   | Noticed a death yak
 20917 | Lair:8   | Noticed a death yak
 20934 | Lair:8   | Killed a death yak
 20936 | Lair:8   | Killed a death yak
 20940 | Lair:8   | Reached skill level 10 in Shields
 21027 | Lair:8   | Noticed a death yak
 21042 | Lair:8   | Killed a death yak
 21050 | Lair:8   | Noticed a death yak
 21051 | Lair:8   | Noticed a death yak
 21053 | Lair:8   | Noticed a death yak
 21060 | Lair:8   | Killed a death yak
 21064 | Lair:8   | Killed a death yak
 21068 | Lair:8   | Killed a death yak
 21074 | Lair:8   | Killed a death yak
 21149 | Lair:8   | Noticed a death yak
 21149 | Lair:8   | Noticed a death yak
 21149 | Lair:8   | Noticed a death yak
 21169 | Lair:8   | Killed a death yak
 21175 | Lair:8   | Killed a death yak
 21176 | Lair:8   | Killed a death yak
 21385 | Lair:8   | Reached skill level 5 in Poison Magic
 21791 | D:9      | Gained mutation: Your muscles are strong. (Str +2) [potion of beneficial mutation]
 21821 | D:10     | Entered Level 10 of the Dungeon
 22023 | D:10     | Paralysed by a giant eyeball for 4 turns
 22163 | D:10     | Identified the +7,+9 lajatang of Xom's Pride {freeze, rPois Int-3 SInv} (You found it on level 8 of the Lair of Beasts)
 22843 | D:11     | Reached skill level 1 in Conjurations
 23293 | D:11     | Found a burning altar of Makhleb.
 23521 | D:12     | Found a staircase to the Orcish Mines.
 23990 | D:12     | Noticed Urug
 24010 | D:12     | Noticed Joseph
 24014 | D:12     | Killed Urug
 24014 | D:12     | Reached skill level 11 in Shields
 24020 | D:12     | Killed Joseph
 24235 | D:13     | Reached XP level 14. HP: 91/91 MP: 24/29
 24705 | D:13     | Gained mutation: You heal slowly when monsters are visible. [mutagenic meat]
 25271 | D:14     | Lost mutation: Your body is slowly deteriorating. [mutagenic meat]
 25272 | D:14     | Gained mutation: Your spells are a little harder to cast, but a little more powerful. [mutagenic meat]
 25682 | Orc:1    | Entered Level 1 of the Orcish Mines
 26069 | Orc:3    | Reached skill level 5 in Translocations
 26072 | Orc:3    | Found a staircase to the Elven Halls.
 26115 | Orc:4    | Entered Level 4 of the Orcish Mines
 26142 | Orc:4    | Reached skill level 5 in Conjurations
 26189 | Orc:4    | XOM: medium Fire miscast
 26196 | Orc:4    | Noticed Nergalle
 26224 | Orc:4    | Killed Nergalle
 26297 | Orc:4    | Noticed Erolcha
 26362 | Orc:4    | Killed Erolcha
 26505 | Orc:4    | Found Plapn's Armour Shop.
 26505 | Orc:4    | Found Zoymuth's Antique Weapon Boutique.
 26506 | Orc:4    | Found Cosh's Antique Weapon Boutique.
 26614 | Orc:4    | Found Nyucolu's Armour Shop.
 26631 | Orc:4    | Bought a glowing sling for 42 gold pieces
 26631 | Orc:4    | Bought a runed sling for 42 gold pieces
 27355 | Orc:4    | Reached skill level 12 in Shields
 27806 | Orc:4    | XOM: medium Trmt miscast
 27922 | Orc:3    | Found Othrew's Antique Weapon Shoppe.
 29170 | D:8      | Bought the ring of the Mage {Wiz MR+ Int+3} for 772 gold pieces
 29170 | D:8      | Bought an uncursed ring of regeneration for 420 gold pieces
 29232 | D:7      | Bought an uncursed ring of sustenance for 227 gold pieces
 29340 | D:9      | Learned a level 4 spell: Iskenderun's Mystic Blast
 29346 | D:9      | Learned a level 5 spell: Venom Bolt
 29545 | Slime:1  | Entered Level 1 of the Pits of Slime
 29766 | D:7      | Bought an uncursed amulet of clarity for 260 gold pieces
 30516 | Slime:2  | Noticed an acid blob
 30531 | Slime:2  | Noticed an acid blob
 30538 | Slime:2  | Killed an acid blob
 30543 | Slime:2  | Killed an acid blob
 30609 | Slime:3  | Reached XP level 15. HP: 69/96 MP: 22/30
 30630 | Slime:4  | Noticed an acid blob
 30651 | Slime:3  | Noticed an acid blob
 30672 | Slime:3  | Killed an acid blob
 30672 | Slime:3  | Reached skill level 10 in Dodging
 30847 | Slime:6  | Entered Level 6 of the Pits of Slime
 31262 | Slime:6  | Noticed an acid blob
 31278 | Slime:6  | Killed an acid blob
 31355 | Slime:6  | Noticed an acid blob
 31375 | Slime:6  | Identified a +1 rod of the swarm (10/10) (You took it off a hill giant on level 13 of the Dungeon)
 31380 | Slime:6  | Killed an acid blob
 31452 | Slime:6  | Noticed the royal jelly
 31453 | Slime:6  | XOM: 3-stop teleportation journey
 31466 | Slime:6  | Noticed an acid blob
 31483 | Slime:6  | Killed an acid blob
 31487 | Slime:6  | Noticed an acid blob
 31493 | Slime:6  | Noticed an acid blob
 31494 | Slime:6  | Killed an acid blob
 31505 | Slime:6  | HP: 1/96 [acid blob (29)]
 31505 | Slime:6  | Splashed by an acid blob's acid

Action                   |  1- 3 |  4- 6 |  7- 9 | 10-12 | 13-15 || total
-------------------------+-------+-------+-------+-------+-------++-------
Melee: Spear             |    51 |   118 |       |       |       ||   169
       Trident           |       |    54 |   397 |   857 |       ||  1308
       Demon trident     |       |       |       |    55 |   955 ||  1010
       Sling             |       |       |       |       |     4 ||     4
 Cast: Repel Missiles    |       |       |       |     4 |    15 ||    19
       Regeneration      |       |       |       |    16 |    73 ||    89
       Mephitic Cloud    |       |       |       |       |    43 ||    43
       Control Teleport  |       |       |       |       |    11 ||    11
       Iskenderun's Myst |       |       |       |       |    10 ||    10
Invok: Evolution         |       |     3 |     8 |    27 |    25 ||    63
       Sunlight          |       |       |    12 |    28 |     4 ||    44
       Growth            |       |       |       |     1 |     2 ||     3
       Reproduction      |       |       |       |     3 |     8 ||    11
       Rain              |       |       |       |       |     2 ||     2
Evoke: Wand              |       |       |     1 |    17 |    21 ||    39
       Rod               |       |       |       |       |    10 ||    10
       phial of floods   |       |       |       |       |     1 ||     1
  Use: Potion            |     1 |     4 |     3 |    11 |     8 ||    27
       Scroll            |       |    11 |     9 |    18 |     8 ||    46
 Stab: Sleeping          |     4 |     6 |    15 |     8 |     9 ||    42
       Invisible         |     2 |       |       |       |       ||     2
       Distracted        |       |     1 |       |     3 |     5 ||     9
       Petrified         |       |     1 |       |       |       ||     1
       Confused          |       |     1 |     7 |    30 |    35 ||    73
